 Dungeon Crawl Stone Soup version bcrawl-1.40.3b (webtiles) character file.

Game seed: 7715293053932157177

9530713 Mehrunes the Severer (level 23, -1/156 HPs)
             Began as a Gargoyle Gladiator on Dec 7, 2023.
             Was the Champion of Makhleb.
             Slain by a war gargoyle
             ... wielding a cursed -2 morningstar
              (46 damage)
             ... on level 3 of the Vaults.
             The game lasted 01:49:05 (42788 turns).

Mehrunes the Severer (Gargoyle Gladiator)          Turns: 42788, Time: 01:49:06

Health: -1/156     AC: 25    Str: 31    XL:     23   Next: 16%
Magic:  36/36      EV: 20    Int: 10    God:    Makhleb [******]
Gold:   1932       SH: 23    Dex: 20    Spells: 22/22 levels left

rFire    + . .     GDR:     48% L - +2 broad axe (vamp)
rCold    + + .     SeeInvis +   c - +2 medium shield
rNeg     + + +     Gourm    .   g - +3 iron troll leather armour
rPois    ∞         Faith    .   l - +2 helmet of the Teacher {rN++}
rElec    +         Spirit   .   B - +2 cloak
rCorr    .         Reflect  +   O - +2 pair of gloves {Str+3}
MR       +....                  S - +2 pair of boots
Stlth    ..........             a - +6 amulet of reflection
HPRegen  0.76/turn              X - ring of see invisible
MPRegen  0.25/turn              H - ring of protection from cold

@: mighty, agile, marked, corroded, flying, very slightly contaminated
A: big wings, negative energy resistance 1, electricity resistance, partial
torment resistance, unbreathing, petrification resistance, rot immunity, AC +17
}: 2/15 runes: decaying, serpentine
a: Stop Flying, Minor Destruction, Hew, Major Destruction, Greater Servant of
Makhleb, Renounce Religion


You were on level 3 of the Vaults.
You worshipped Makhleb.
Makhleb was exalted by your worship.
You were hungry.

You visited 8 branches of the dungeon, and saw 32 of its levels.
You visited the Abyss 1 time.
You visited 1 bazaar.
You also visited: Bailey.

You collected 4183 gold pieces.
You spent 2251 gold pieces at shops.

Inventory:

Hand Weapons
 E - a +9 broad axe of electrocution
 L - a +2 vampiric broad axe (weapon)
Missiles
 d - 5 throwing nets {=f}
Armour
 c - a +2 medium shield (worn)
 g - +3 iron troll leather armour (worn)
 l - the +2 helmet of the Teacher (worn) {rN++}
   (You found it on level 3 of the Lair of Beasts)

   It greatly protects you from negative energy.
 B - a +2 cloak (worn)
 O - a +2 pair of gloves of strength (worn)
 S - a +2 pair of boots (worn)
Jewellery
 a - a +6 amulet of reflection (around neck)
 H - a ring of protection from cold (right hand)
 M - an uncursed ring of resist corrosion
 X - a ring of see invisible (left hand)
Wands
 b - a wand of disintegration (14)
 n - a wand of random effects (34)
 t - a wand of polymorph (63)
 y - a wand of charming (24)
 J - a wand of scattershot (10)
 K - a wand of digging (12)
 N - a wand of acid (8)
 Q - a wand of paralysis (5)
 Z - a wand of iceblast (22)
Scrolls
 f - 9 scrolls of teleportation
 j - 14 scrolls of amnesia
 k - 7 scrolls of immolation
 m - 16 scrolls of remove curse
 p - 5 scrolls of fear
 z - 5 scrolls of fog
 G - a scroll of blinking
 I - 2 scrolls of vulnerability
 U - a scroll of silence
Potions
 h - 5 potions of brilliance
 o - 3 potions of resistance
 q - 5 potions of mutation
 r - 4 potions of ambrosia
 s - 6 potions of flight
 u - 7 potions of curing
 v - 3 potions of lignification
 C - a potion of invisibility
 F - 2 potions of magic
 R - 3 potions of cancellation
 V - a potion of heal wounds
Miscellaneous
 i - a sack of spiders
 D - a lightning rod (4/4)
 W - a lamp of fire
 Y - a phantom mirror
Comestibles
 e - 57 rations {!d}


   Skills:
 + Level 19.9 Fighting
 - Level 20.0 Axes
 - Level 1.7 Throwing
 - Level 16.6 Armour
 + Level 11.0 Dodging
 + Level 14.2 Shields
 + Level 19.1 Invocations
 - Level 11.9 Evocations


You had 22 spell levels left.
You didn't know any spells.
Your spell library contained the following spells:

 Spells                   Type           Power        Failure   Level  Hunger
 Throw Frost              Conj/Ice       #.....       95%         2    ####...
 Apportation              Tloc           #.....       99%         1    None
 Flame Tongue             Conj/Fire      #....        99%         1    None
 Freeze                   Ice            #.....       99%         1    None
 Infusion                 Chrm           #.......     99%         1    None
 Magic Dart               Conj           #...         99%         1    None
 Sandblast                Erth           #.....       99%         1    None
 Summon Butterflies       Summ           #.......     99%         1    None
 Summon Small Mammal      Summ           #...         99%         1    None
 Blink                    Tloc           N/A          100%        2    ####...
 Call Imp                 Summ           #.....       100%        2    ####...
 Corpse Rot               Necr           N/A          100%        2    ####...
 Flaming Arrows           Chrm/Fire      #.......     100%        2    ####...
 Passwall                 Tmut/Erth      #.......     100%        2    ####...
 Poisonous Vapours        Pois/Air       #.....       100%        2    ####...
 Song of Slaying          Chrm           #.......     100%        2    ####...
 Swiftness                Chrm/Air       #.......     100%        2    ####...
 Beckoning                Tloc           #.........   100%        3    #####..
 Call Canine Familiar     Summ           #.......     100%        3    #####..
 Conjure Flame            Conj/Fire      #.......     100%        3    #####..
 Ignite Poison            Fire/Tmut/Pois #.......     100%        3    #####..
 Inner Flame              Hex/Fire       N/A          100%        3    #####..
 Mephitic Cloud           Conj/Pois/Air  #.......     100%        3    #####..
 Ozocubu's Armour         Chrm/Ice       #.......     100%        3    #####..
 Regeneration             Chrm/Necr      #.........   100%        3    #####..
 Spectral Weapon          Hex/Chrm       #.......     100%        3    #####..
 Spider Form              Tmut/Pois      #..          100%        3    #####..
 Stone Arrow              Conj/Erth      #.....       100%        3    #####..
 Tukima's Dance           Hex            #.......     100%        3    #####..
 Agony                    Necr           #.......     100%        4    ######.
 Ice Form                 Ice/Tmut       #.......     100%        4    ######.
 Petrify                  Tmut/Erth      #.........   100%        4    ######.
 Sticky Flame             Conj/Fire      #.......     100%        4    ######.
 Summon Ice Beast         Ice/Summ       #.......     100%        4    ######.
 Throw Icicle             Conj/Ice       #.......     100%        4    ######.
 Bolt of Draining         Conj/Necr      #.........   100%        5    #######
 Dispel Undead            Necr           #.......     100%        5    #######
 Fireball                 Conj/Fire      #.........   100%        5    #######
 Freezing Cloud           Ice/Air        #.......     100%        5    #######
 Lee's Rapid Deconstruct  Erth           #.........   100%        5    #######
 Steam Barrier            Chrm/Fire      #.........   100%        5    #######
 Summon Lightning Spire   Summ/Air       #.......     100%        5    #######
 Summon Mana Viper        Hex/Summ       #.......     100%        5    #######
 Conjure Ball Lightning   Conj/Air       #.........   100%        6    #######
 Death Channel            Chrm/Necr      #.........   100%        6    #######
 Deflect Missiles         Chrm/Air       #.........   100%        6    #######
 Invisibility             Hex            #.......     100%        6    #######
 Ozocubu's Refrigeration  Ice            #.........   100%        6    #######
 Summon Hydra             Summ           #.........   100%        6    #######
 Virulence                Hex/Pois       #.......     100%        6    #######
 Icicle Burst             Conj/Ice       #.........   100%        7    #######
 Monstrous Menagerie      Summ           #.........   100%        7    #######
 Scorpion Form            Tmut/Pois      #.........   100%        7    #######
 Summon Fire Elementals   Fire/Summ      #........    100%        7    #######
 Tornado                  Tloc/Air       #.........   100%        8    #######
 Shatter                  Erth           #.........   100%        9    #######
 Sublimation of Blood     Necr           Unusable     N/A         2    N/A

Dungeon Overview and Level Annotations

Branches:
Dungeon (12/12)            Temple (1/1) D:5            Lair (6/6) D:9
  Swamp (3/3) Lair:3        Snake (3/3) Lair:4        Slime (0/5) Orc
    Orc (1/1) D:11         Vaults (3/3) D:12         Forest (0/3) Lair:6
  Crypt (0/2) Vaults:2     Depths (3/5) D:12

Altars:
Ashenzari
Cheibriados
Dithmenos
Elyvilon
Fedhas
Gozag
Hepliaklqana
Kikubaaqudgha
Lugonu
Makhleb
Nemelex Xobeh
Okawaru
Qazlal
Ru
Sif Muna
Trog
Uskayaw
Vehumet
Wu Jian
Xom
Yredelemnul
Zin
The Shining One
Jiyva

Shops:
D:4 !(   D:7 }   D:8 [   D:12 [   Orc *%*:[   Vaults:1 %**?%   Depths:3 %

Portals:
Hell: Depths:1 Depths:2 Depths:3
Abyss: Depths:1 Depths:2
Pandemonium: Depths:1 Depths:3

Annotations:
D:6 1 exclusion
D:12 1 exclusion
Lair:2 exclusion: oklob plant
Lair:3 exclusion: oklob plant
Lair:4 3 runed translucent doors, Faturymn's ghost, journeyman DrAE
Swamp:1 2 transporters, Lazarus1551's ghost, adept OnWn
Depths:3 2 runed translucent doors, exclusions: 2 doors and 2 more exclusions, Janeylunn's ghost, veteran GnWn


Innate Abilities, Weirdness & Mutations

You are resistant to torment.
Your stone body is resilient. (AC +17)
You are immune to poison.
Your large and strong wings let you fly indefinitely.
You resist negative energy. (rN+)
You are resistant to electric shocks. (rElec)
You are less affected by unholy pain and torment.
You can survive without breathing.
You are immune to petrification.
You are immune to rotting.


Message History

The sphinx no longer looks unusually strong.
You block the war gargoyle's attack.
The ironheart beastmaster goads on nearby beasts.
The ironheart convoker points at the deep elf archer and mumbles some strange words.
The deep elf archer seems to grow stronger.
A yaktaur captain comes into view.
A vault warden comes into view. It is wielding a +0 broad axe.
The vault sentinel points at you and mumbles some strange words.
The mark upon you grows brighter.
The brown very ugly thing basks in the mutagenic energy from its kin and changes!
You block the ironheart beastmaster's attack.
The vault sentinel blows a loud note on a signal horn!
The ironheart beastmaster goads on nearby beasts.
You slash the frost giant!
You feel better.
The frost giant is almost dead.
You hit the war gargoyle. You miss the vault sentinel.
You hit the ironheart convoker.
You feel better.
You hit the vault sentinel.
You feel better.
You slice the tarantella!!
The war gargoyle hits you with a cursed -2 morningstar!!!
You die... .......#u.......# #...ppouccp.m.c#

######DCucsu.†..####
.....u.9cschC.......
.....HODuCppcpC.....
.....ccuHpYp).......
......DpCCcsWp......
####.#O.p9CsYe######
.....Wep@pOCp.O.
...##.#.p..#O..##
... #.......#.....
..##...#....#.#..##
....#....# #.#.. ...
#....# #.. . #....#
#....#


You could see a golden dragon, a shadow dragon, 2 dire elephants, a storm
dragon, 4 frost giants, 2 very ugly things, a fire giant, 2 sphinxes, 2 stone
giants, 3 vault wardens, 5 yaktaur captains, 2 vault guards, 4 ugly things, an
ettin, a crystal guardian, a merfolk shaped shifter, 2 two-headed ogres, an ogre
mage, 2 ironheart beastmasters, a war gargoyle, 6 vault sentinels, 2 deep elf
archers, 2 ironheart convokers, 5 yaktaurs, 2 freezing wraiths, a warg, a
tarantella, a tarantella shaped shifter, an orc warrior, 2 redbacks and 2 ogres.

Vanquished Creatures
  A juggernaut (Vaults:3)
  An ancient lich (Depths:2)
  Saint Roka (Snake:2)
  Nikola (Snake:1)
  Jory (Depths:3)
  Zenata (Depths:2)
  Frances (Snake:2)
  2 tentacled monstrosities
  2 liches
  Asterion (Snake:1)
  Kirke (Snake:1)
  A sphinx (Depths:1)
  4 thorn hunters
  2 shadow dragons (Depths:2)
  2 storm dragons (Depths:2)
  7 nagarajas
  4 war gargoyles
  8 fire giants
  6 frost giants
  2 azure jellies (Swamp:3)
  5 vault wardens
  Louise (Snake:1)
  An orc warlord (Orc)
  Aizul (Snake:2)
  A caustic shrike zombie (Depths:3)
  A reaper (Depths:3)
  The ghost of dscm the Covert, a journeyman OpAc of Uskayaw (Orc)
  2 stone giants (Depths:2)
  3 jiangshi (Depths:2)
  21 very ugly things
  A juggernaut skeleton (Depths:3)
  4 ironheart preservers
  6 vampire knights
  A deep elf demonologist (Depths:3)
  3 deep elf annihilators
  3 spark wasps (Depths:2)
  3 entropy weavers
  5 dire elephants
  A merfolk javelineer (Depths:2)
  8 ettins
  5 yaktaur captains
  9 rakshasas
  8 fire dragons
  14 naga warriors
  A great orb of eyes (D:11)
  6 ice dragons
  21 vault guards
  A catoblepas (Lair:6)
  5 ogre magi
  11 hydras
  A ghost crab (Swamp:2)
  A shambling mangrove (shapeshifter) (Depths:2)
  2 shadow wraiths
  32 two-headed ogres
  24 anacondas
  8 alligators
  An alligator (shapeshifter) (Vaults:3)
  8 deep troll shamans
  A dancing weapon (Vaults:1)
  A deep troll earth mage (Depths:2)
  A tengu warrior (D:10)
  A vampire mage (Depths:2)
  7 shock serpents
  A soul eater (Depths:1)
  4 spriggan berserkers
  2 ironheart beastmasters
  An orc high priest (Vaults:2)
  9 naga sharpshooters
  A storm dragon zombie (Depths:3)
  2 deep elf knights
  16 centaur warriors
  2 fire crabs
  2 iron trolls
  13 skeletal warriors
  17 deep trolls
  A salamander mystic (Snake:3)
  A sixfirhy (Depths:1)
  3 spriggan druids
  8 hell knights (Depths:3)
  3 flayed ghosts (Depths:2)
  5 swamp dragons
  3 glowing orange brains
  10 naga ritualists
  A deep elf archer (Vaults:2)
  6 phantasmal warriors
  A shadow dragon zombie (Depths:2)
  11 wizards
  8 ironheart convokers
  6 orc knights
  5 cyclopes
  2 wolf spiders
  2 stone giant zombies (Depths:2)
  21 naga magi
  6 necromancers
  3 orc sorcerers
  11 mana vipers
  45 ugly things
  A shining eye (shapeshifter) (D:12)
  A manticore (D:11)
  A wolf spider zombie (D:10)
  15 elephants
  2 human zombies (Vaults:1)
  13 will-o'-wisps
  57 black mambas
  5 salamanders
  6 vault sentinels
  24 cane toads
  14 guardian serpents
  2 rust devils
  A smoke demon (Depths:3)
  3 molten gargoyles (Lair:6)
  5 freezing wraiths
  A hellion (Depths:1)
  An orange demon (Depths:3)
  A rime drake (Lair:3)
  2 spectral nagas (Snake:1)
  3 eyes of draining (D:12)
  4 human skeletons (Vaults:1)
  10 yaktaurs
  A hellwing (Depths:3)
  2 polar bears
  13 komodo dragons
  A harpy zombie (D:12)
  13 trolls
  A wolf spider simulacrum (D:12)
  4 tyrant leeches
  A merfolk (shapeshifter) (Vaults:3)
  9 hornets
  A harpy skeleton (D:12)
  A slime creature (shapeshifter) (Depths:2)
  34 slime creatures
  A tyrant leech (shapeshifter) (Depths:2)
  11 dream sheep (Lair:6)
  3 blink frogs (Lair:4)
  8 hippogriffs
  A hippogriff (shapeshifter) (Depths:1)
  8 bog bodies
  An ettin zombie (Vaults:1)
  A fire dragon skeleton (Vaults:1)
  A tarantella (Vaults:3)
  4 spriggans
  2 water elementals (Depths:2)
  A tarantella (shapeshifter) (Depths:2)
  A spriggan skeleton (Depths:2)
  A wraith (Vaults:1)
  A yak (shapeshifter) (Vaults:1)
  41 yaks
  A human (D:7)
  2 basilisks (shapeshifter)
  4 chaos spawn
  5 wyverns
  A basilisk (Lair:6)
  A hog (shapeshifter) (Depths:2)
  8 hogs
  A human simulacrum (Vaults:1)
  A neqoxec (Depths:1)
  A human (shapeshifter) (D:11)
  2 redbacks (Vaults:1)
  5 steam dragons
  A swamp worm simulacrum (Swamp:3)
  A warg (Orc)
  52 nagas
  12 vampire mosquitoes
  11 swamp worms
  12 water moccasins
  10 crocodiles
  13 hydra simulacra (Swamp:3)
  4 hell hounds (Lair:6)
  7 porcupines
  30 orc warriors
  A soldier ant (D:10)
  2 swamp drakes
  2 ice beasts
  2 black bears
  2 sky beasts
  7 boggarts
  6 necrophages (Lair:5)
  5 spriggan simulacra (Depths:2)
  33 wolves
  33 ogres
  A kobold brigand (D:8)
  A rime drake skeleton (D:9)
  11 bullfrogs
  A gnoll sergeant (D:8)
  14 centaurs
  5 scorpions
  10 killer bees
  3 wights (D:9)
  19 orc priests
  5 electric eels
  4 crimson imps
  4 lava snakes (Lair:6)
  A yaktaur simulacrum (Vaults:1)
  A bullfrog zombie (D:8)
  4 hounds
  2 bullfrog skeletons
  4 jellies
  24 orc wizards
  3 iron imps (Depths:3)
  4 hell rats
  2 iguanas
  6 worker ants
  A hound zombie (D:4)
  A hound skeleton (D:9)
  2 worker ant zombies
  A howler monkey skeleton (D:5)
  21 adders
  10 gnolls
  7 shadow imps
  A white imp (Depths:3)
  An ooze (D:3)
  7 swamp drake simulacra (Swamp:3)
  An adder zombie (D:5)
  2 adder skeletons
  4 worms
  2 dart slugs
  6 leopard geckos
  82 orcs
  12 bats
  4 giant cockroaches
  9 goblins
  10 hobgoblins
  27 kobolds
  4 quokkas
  3 frilled lizards
  A jackal zombie (D:6)
  2 rats
  5 fungi
  6 plants
1500 creatures vanquished.

Vanquished Creatures (collateral kills)
  A shambling mangrove (shapeshifter) (Depths:2)
  A komodo dragon (D:10)
  2 hornets (Depths:2)
  A wraith (D:10)
  An acid dragon (D:10)
  An orc warrior (D:10)
  An orc priest (D:10)
  3 orcs (D:10)
11 creatures vanquished.

Vanquished Creatures (others)
  A frost giant (Vaults:3)
  2 eyes of devastation (Depths:2)
  2 dire elephants (Vaults:3)
  4 vault guards (Vaults:3)
  An anaconda (Snake:3)
  A naga sharpshooter (Snake:3)
  A deep elf knight (Vaults:3)
  A naga ritualist (Snake:3)
  A cyclops (Vaults:1)
  A salamander (Snake:3)
  3 naga magi (Snake:3)
  A jumping spider (Vaults:3)
  A komodo dragon (D:9)
  8 yaktaurs
  A harpy skeleton (D:10)
  A redback (Vaults:3)
  A swamp worm (Swamp:3)
  2 nagas (Snake:3)
  An ogre (Orc)
  11 fungi
  18 plants
63 creatures vanquished.

Grand Total: 1574 creatures vanquished

Notes
Turn   | Place    | Note
-------+----------+-------------------------------------------
     0 | D:1      | Mehrunes the Gargoyle Gladiator began the quest for the
                  | Orb.
     0 | D:1      | Reached XP level 1. HP: 14/14 MP: 1/1
    76 | D:1      | Reached skill level 3 in Axes
    83 | D:1      | Reached XP level 2. HP: 19/19 MP: 2/2
   295 | D:1      | Reached XP level 3. HP: 21/24 MP: 3/3
  1333 | D:2      | Reached XP level 4. HP: 29/29 MP: 4/4
  1367 | D:2      | Found a shadowy altar of Dithmenos.
  1488 | D:2      | Reached skill level 4 in Axes
  1784 | D:3      | Reached XP level 5. HP: 34/34 MP: 5/5
  2791 | D:3      | Reached skill level 5 in Axes
  2791 | D:3      | Reached XP level 6. HP: 31/40 MP: 6/6
  3415 | D:4      | Reached skill level 5 in Fighting
  3607 | D:4      | Found Wuxe's Distillery.
  3632 | D:4      | Bought a potion of curing for 30 gold pieces
  3632 | D:4      | Bought a potion of lignification for 36 gold pieces
  3694 | D:4      | Found a burning altar of Makhleb.
  4053 | D:4      | Found Cetwomirgh's Weapon Shop.
  4207 | D:4      | Found a sacrificial altar of Ru.
  4466 | D:5      | Entered Level 5 of the Dungeon
  4487 | D:5      | Found a stormy altar of Qazlal.
  4494 | D:5      | Reached XP level 7. HP: 44/44 MP: 7/7
  4567 | D:5      | Noticed a two-headed ogre
  4587 | D:5      | Reached skill level 6 in Axes
  4687 | D:5      | Found a corrupted altar of Lugonu.
  4735 | D:5      | Noticed a hippogriff
  4745 | D:5      | Killed a hippogriff
  4823 | D:5      | Reached skill level 7 in Axes
  4891 | D:5      | Reached XP level 8. HP: 44/52 MP: 8/8
  5062 | D:5      | Found a bloodstained altar of Trog.
  5078 | D:5      | Found a staircase to the Ecumenical Temple.
  5216 | Temple   | Entered the Ecumenical Temple
  5578 | D:4      | Became a worshipper of Makhleb the Destroyer
  5730 | D:6      | Noticed a hippogriff
  5741 | D:6      | Killed a hippogriff
  5742 | D:6      | Reached skill level 1 in Invocations
  5854 | D:6      | Found a sacrificial altar of Ru.
  5982 | D:6      | Killed a two-headed ogre
  5983 | D:6      | Reached skill level 8 in Axes
  5983 | D:6      | Reached XP level 9. HP: 28/57 MP: 9/11
  6401 | D:6      | Found an ornate altar of the Wu Jian Council.
  6915 | D:7      | Found a white marble altar of Elyvilon.
  6940 | D:7      | Reached skill level 9 in Axes
  7032 | D:7      | Found a hazy altar of Hepliaklqana.
  7046 | D:7      | Found Fomelia's Gadget Boutique.
  7176 | D:7      | Reached skill level 5 in Invocations
  7700 | D:8      | Found a flagged portal.
  7710 | Bailey   | Entered a bailey
  7746 | Bailey   | Reached * piety under Makhleb
  7783 | Bailey   | Reached skill level 10 in Axes
  7783 | Bailey   | Reached XP level 10. HP: 65/65 MP: 14/14
  8484 | D:8      | Reached ** piety under Makhleb
  8582 | D:8      | Found Noyxaud's Antique Armour Shop.
  8631 | D:8      | Bought a runed plate armour for 728 gold pieces
  8727 | D:8      | Reached skill level 1 in Shields
  9408 | D:9      | Reached skill level 11 in Axes
  9782 | D:9      | Reached XP level 11. HP: 40/72 MP: 16/16
  9876 | D:9      | Found a staircase to the Lair.
 10349 | D:9      | Found an ancient bone altar of Kikubaaqudgha.
 10709 | Lair:1   | Entered Level 1 of the Lair of Beasts
 10720 | Lair:1   | Noticed a seven-headed hydra
 10867 | D:10     | Entered Level 10 of the Dungeon
 11004 | D:9      | Reached skill level 10 in Fighting
 11174 | D:10     | Noticed a wolf spider
 11184 | D:10     | Noticed a tengu warrior
 11187 | D:10     | Killed a wolf spider
 11200 | D:10     | Killed a tengu warrior
 11474 | D:10     | Noticed a green ugly thing
 11489 | D:10     | Killed a green ugly thing
 11489 | D:10     | Reached *** piety under Makhleb
 12110 | D:10     | Reached skill level 12 in Axes
 12113 | D:10     | Reached skill level 5 in Shields
 12905 | D:10     | Reached XP level 12. HP: 31/79 MP: 18/18
 13071 | D:10     | Identified a scroll of acquirement
 13150 | D:11     | Noticed a centaur warrior
 13173 | D:11     | Killed a centaur warrior
 13174 | D:11     | Reached skill level 1 in Evocations
 13175 | D:11     | Reached **** piety under Makhleb
 13219 | D:11     | Noticed a centaur warrior
 13242 | D:11     | Killed a centaur warrior
 13622 | D:11     | Found a gate leading to a gauntlet.
 13629 | D:11     | Noticed a great orb of eyes
 13964 | D:9      | Killed a seven-headed hydra
 14267 | Lair:1   | Reached skill level 13 in Axes
 14292 | Lair:1   | Identified the +9 executioner's axe "Xevoamo" {venom, rC++}
                  | (You acquired it on level 1 of the Lair of Beasts)
 14292 | Lair:1   | Identified the +1 crystal plate armour "Kulula" {*Drain
                  | +Blink Stlth+} (You acquired it on level 1 of the Lair of
                  | Beasts)
 14292 | Lair:1   | Identified the amulet "Gaolaf" {Spirit rElec Str-2 Dex+6}
                  | (You acquired it on level 1 of the Lair of Beasts)
 15716 | Lair:2   | Noticed a five-headed hydra
 15723 | Lair:2   | Killed a five-headed hydra
 15724 | Lair:2   | Reached skill level 5 in Evocations
 16195 | Lair:3   | Reached skill level 10 in Invocations
 16207 | Lair:3   | Reached skill level 14 in Axes
 16212 | Lair:3   | Reached XP level 13. HP: 57/85 MP: 20/20
 17453 | Lair:3   | Found a staircase to the Swamp.
 17577 | Lair:3   | Got a twisted helmet
 17800 | Lair:4   | Reached skill level 15 in Axes
 17847 | Lair:4   | Noticed Faturymn's ghost (journeyman DrAE)
 17848 | Lair:4   | Noticed an ice dragon
 17992 | Lair:4   | Found a runed translucent gate.
 18038 | Lair:4   | Identified the +0 cloak "Ociejy" {SInv} (You acquired it on
                  | level 4 of the Lair of Beasts)
 18227 | Lair:4   | Reached skill level 1 in Armour
 18257 | Lair:4   | Reached ***** piety under Makhleb
 18443 | Lair:4   | Found a runed translucent gate.
 18444 | Lair:4   | Found a runed translucent gate.
 18633 | Lair:4   | Found a staircase to the Snake Pit.
 18856 | Lair:4   | Identified the +2 helmet of the Teacher {rN++} (You found
                  | it on level 3 of the Lair of Beasts)
 19062 | Lair:5   | Gained mutation: Your large and strong wings let you fly
                  | indefinitely. [Gargoyle growth]
 19062 | Lair:5   | Reached XP level 14. HP: 92/92 MP: 22/22
 19194 | Lair:5   | Reached skill level 16 in Axes
 19774 | Lair:6   | Entered Level 6 of the Lair of Beasts
 20192 | Lair:6   | Reached skill level 5 in Armour
 20887 | Lair:6   | Found a staircase to the Spriggan Forest.
 21190 | Lair:6   | Reached skill level 17 in Axes
 21511 | Lair:6   | Reached ****** piety under Makhleb
 21569 | Lair:6   | Found a large runed door.
 21569 | Lair:6   | Found a large runed door.
 21832 | Lair:6   | Reached skill level 10 in Evocations
 22615 | D:11     | Got a polished ring mail
 22789 | D:11     | Found a staircase to the Orcish Mines.
 23144 | D:11     | Reached XP level 15. HP: 92/99 MP: 24/24
 23511 | Orc      | Entered the Orcish Mines
 23588 | Orc      | Found a staircase to the Slime Pits.
 23589 | Orc      | Found a viscous altar of Jiyva.
 23951 | Orc      | Found Nucuack's Book Shop.
 23951 | Orc      | Found Heysoats's Food Boutique.
 23951 | Orc      | Found Cuadiatu's Assorted Antiques.
 24362 | Orc      | Noticed an orc warlord
 24407 | Orc      | Killed an orc warlord
 24583 | Orc      | Found a transporter.
 24583 | Orc      | Noticed dscm's ghost (journeyman OpAc)
 24606 | Orc      | Found Hymueteaja's General Store.
 24720 | Orc      | Found a transporter.
 24724 | Orc      | Identified the +7 dire flail "Gig Xume" {antimagic, +Rage
                  | rN+++ MR+ Dex-4}
 24743 | Orc      | Found Eshrucuw's Antique Armour Emporium.
 24936 | Orc      | Bought a bloodstained chain mail for 323 gold pieces
 24946 | Orc      | Identified the +2 chain mail "Fopte" {rC- Regen+ Stlth+}
                  | (You bought it in a shop in the Orcish Mines)
 25034 | Orc      | Killed dscm's ghost
 25035 | Orc      | Reached skill level 10 in Armour
 25245 | D:12     | Entered Level 12 of the Dungeon
 25245 | D:12     | Found a shimmering altar of Xom.
 25245 | D:12     | Found the +7 mace of Variability {chain chaos}
 25425 | D:12     | Found an iron altar of Okawaru.
 25673 | D:12     | Found a staircase to the Depths.
 25673 | D:12     | Noticed a fire giant
 25679 | D:12     | Killed a fire giant
 25680 | D:12     | Reached skill level 18 in Axes
 25818 | D:12     | Reached XP level 16. HP: 106/106 MP: 25/25
 25823 | D:12     | Found a gate to the Vaults.
 26115 | D:12     | Found Habihe's Antique Armour Boutique.
 26616 | Swamp:1  | Entered Level 1 of the Swamp
 26987 | Swamp:1  | Noticed a thorn hunter
 26997 | Swamp:1  | Killed a thorn hunter
 27107 | Swamp:1  | Noticed Lazarus1551's ghost (adept OnWn)
 27111 | Swamp:1  | Found a transporter.
 27138 | Swamp:1  | Noticed a thorn hunter
 27154 | Swamp:1  | Killed a thorn hunter
 27320 | Swamp:1  | Found a transporter.
 28098 | Swamp:2  | Noticed a thorn hunter
 28109 | Swamp:2  | Killed a thorn hunter
 28446 | Swamp:3  | Entered Level 3 of the Swamp
 28472 | Swamp:3  | Noticed a thorn hunter
 28495 | Swamp:3  | Killed a thorn hunter
 28895 | Swamp:3  | Reached XP level 17. HP: 112/112 MP: 27/27
 28958 | Swamp:3  | Reached skill level 15 in Fighting
 29420 | Swamp:3  | Reached skill level 19 in Axes
 29446 | Swamp:3  | Got a decaying rune of Zot
 29645 | Snake:1  | Entered Level 1 of the Snake Pit
 29900 | Snake:1  | Noticed Louise
 29912 | Snake:1  | Killed Louise
 30054 | Snake:1  | Noticed Nikola
 30065 | Snake:1  | Killed Nikola
 30130 | Snake:1  | Noticed Asterion
 30151 | Snake:1  | Killed Asterion
 30343 | Snake:1  | Noticed Kirke
 31011 | Snake:1  | Killed Kirke
 31336 | Snake:2  | Reached XP level 18. HP: 113/120 MP: 18/28
 31341 | Snake:2  | Noticed Aizul
 31368 | Snake:2  | Killed Aizul
 31521 | Snake:2  | Noticed Frances
 31710 | Snake:2  | Noticed Saint Roka
 31711 | Snake:2  | Paralysed by an orc sorcerer for 2 turns
 31736 | Snake:2  | Killed Saint Roka
 31737 | Snake:2  | Found a shimmering altar of Xom.
 31946 | Snake:2  | Killed Frances
 31950 | Snake:2  | Reached skill level 15 in Invocations
 31952 | Snake:2  | Reached skill level 15 in Armour
 32383 | Snake:3  | Entered Level 3 of the Snake Pit
 32405 | Snake:3  | Reached skill level 20 in Axes
 33647 | Snake:3  | Reached XP level 19. HP: 108/127 MP: 30/30
 33754 | Snake:3  | Got a serpentine rune of Zot
 34447 | Vaults:1 | Entered Level 1 of the Vaults
 34467 | Vaults:1 | Reached skill level 5 in Dodging
 34611 | Vaults:1 | Found Atuig's Assorted Antiques.
 34913 | Vaults:1 | Found Igaapnov's General Store.
 35356 | Vaults:1 | Found Ywnipan's Food Shop.
 35516 | Vaults:1 | Found Qupavuets's Food Boutique.
 35979 | Vaults:1 | Found Ybau's Magic Scroll Emporium.
 35988 | Vaults:1 | Bought a scroll of enchant weapon for 112 gold pieces
 35988 | Vaults:1 | Bought a scroll of enchant weapon for 112 gold pieces
 36373 | Vaults:2 | Reached XP level 20. HP: 128/134 MP: 32/32
 36378 | Vaults:2 | Found a flickering gateway to a bazaar.
 36398 | Vaults:2 | Found a staircase to the Crypt.
 36401 | Bazaar   | Entered a bazaar
 36401 | Bazaar   | Found Orghas's Antique Weapon Shoppe.
 36411 | Bazaar   | Found Soppait's General Store.
 36419 | Bazaar   | Bought a scroll of brand weapon for 288 gold pieces
 36419 | Bazaar   | Bought a scroll of enchant armour for 120 gold pieces
 36425 | Bazaar   | Found Isunease's Magic Scroll Emporium.
 36433 | Bazaar   | Bought a scroll of enchant armour for 97 gold pieces
 36433 | Bazaar   | Found Odal's Antique Armour Emporium.
 36446 | Bazaar   | Found Cuzi's Gadget Boutique.
 36477 | Bazaar   | Bought a scroll of enchant weapon for 97 gold pieces
 36477 | Bazaar   | Bought a scroll of silence for 97 gold pieces
 36477 | Bazaar   | Bought a scroll of teleportation for 39 gold pieces
 38532 | Depths:1 | Entered Level 1 of the Depths
 38558 | Depths:1 | Reached skill level 10 in Shields
 38730 | Depths:1 | Found a one-way gate leading to the halls of Pandemonium.
 38752 | Depths:1 | Found a gateway to Hell.
 38852 | Depths:1 | Cast into level 1 of the Abyss (a wizard)
 38867 | Depths:1 | Escaped the Abyss
 38879 | Depths:1 | Found a shattered altar of Ashenzari.
 39181 | Depths:1 | Found a one-way gate to the infinite horrors of the Abyss.
 39358 | Depths:1 | Paralysed by a wizard for 2 turns
 39454 | Depths:2 | Reached XP level 21. HP: 141/141 MP: 33/33
 39540 | Depths:2 | Noticed an ancient lich
 39642 | Depths:2 | Killed an ancient lich
 39811 | Depths:2 | Identified Ryeffov's Tome of Evil Magic
 40204 | Depths:2 | Noticed Zenata
 40227 | Depths:2 | Killed Zenata
 40251 | Depths:2 | Reached XP level 22. HP: 148/148 MP: 35/35
 40756 | Depths:3 | Found a runed translucent door.
 40781 | Depths:3 | Found a runed translucent door.
 40812 | Depths:3 | Noticed a golden dragon
 40871 | Depths:3 | Found Gocacul's Food Shop.
 41002 | Depths:3 | Noticed Janeylunn's ghost (veteran GnWn)
 41004 | Depths:3 | Noticed an ancient lich
 41141 | Depths:3 | Reached skill level 10 in Dodging
 41227 | Depths:3 | Noticed Jory
 41252 | Depths:3 | Killed Jory
 42625 | Vaults:1 | Bought a potion of might for 60 gold pieces
 42675 | Vaults:1 | Bought a potion of agility for 112 gold pieces
 42708 | Vaults:3 | Entered Level 3 of the Vaults
 42709 | Vaults:3 | Noticed a juggernaut
 42762 | Vaults:3 | Killed a juggernaut
 42763 | Vaults:3 | Reached XP level 23. HP: 153/156 MP: 36/36
 42766 | Vaults:3 | Noticed a golden dragon
 42781 | Vaults:3 | Paralysed by a sphinx for 4 turns
 42788 | Vaults:3 | Slain by a war gargoyle

Skill      XL: |  1  2  3  4  5  6  7  8  9 10 11 12 13 14 15 16 17 18 19 20 21 22 23 |
---------------+----------------------------------------------------------------------+-----
Axes           | 3 4 5 7 8 10 11 12 14 15 17 18 19 20 | 20.0
Fighting       | 4 5 6 7 8 9 10 11 12 13 14 15 16 17 18 19 | 19.9
Invocations    | 3 5 7 8 10 11 12 13 14 15 16 17 18 19 | 19.1
Shields        | 3 5 6 9 10 12 14 | 14.2
Evocations     | 5 8 10 11 | 11.9
Armour         | 3 7 10 12 14 15 16 | 16.6
Dodging        | 4 6 7 9 10 11 | 11.0
Throwing       | |  1.7

Action                   |  1- 3 |  4- 6 |  7- 9 | 10-12 | 13-15 | 16-18 | 19-21 | 22-24 || total
-------------------------+-------+-------+-------+-------+-------+-------+-------+-------++-------
Melee: War axe           |    94 |   216 |   200 |   744 |   954 |       |       |       ||  2208
       Broad axe         |       |       |       |       |   469 |  1248 |   951 |   336 ||  3004
       Unarmed           |       |       |       |       |       |     3 |       |       ||     3
Throw: Tomahawk          |       |       |    61 |    90 |    74 |    50 |     7 |     2 ||   284
Invok: Minor Destruction |       |       |       |     5 |    34 |    50 |     2 |       ||    91
       Major Destruction |       |       |       |     7 |    38 |    73 |    51 |     5 ||   174
       Hew               |       |       |       |       |    11 |       |    26 |     6 ||    43
       Greater Servant o |       |       |       |       |       |     1 |     2 |       ||     3
 Abil: Evoke Flight      |       |       |     1 |       |       |       |       |       ||     1
       Fly               |       |       |       |       |     1 |       |       |       ||     1
Evoke: Wand              |       |       |       |     3 |     5 |       |       |     1 ||     9
       Lamp of fire      |       |       |       |       |     1 |     1 |       |       ||     2
       Lightning rod     |       |       |       |       |       |     3 |       |       ||     3
  Use: Potion            |       |     2 |     1 |     7 |     7 |     7 |     3 |     6 ||    33
       Scroll            |       |     3 |     8 |    14 |    26 |     7 |     7 |     3 ||    68
 Stab: Distracted        |     1 |       |       |     1 |       |       |       |       ||     2
       Held in net/web   |       |       |     1 |       |       |       |       |       ||     1
       Betrayed ally     |       |       |       |     1 |       |       |       |       ||     1
       Invisible         |       |       |       |       |     9 |     1 |       |    26 ||    36
  Eat: Chunk             |     4 |    17 |    18 |    33 |    50 |    35 |    26 |     7 ||   190
       Ration            |       |       |       |     3 |     3 |     4 |     3 |     3 ||    16
Armor: Leather armour    |    13 |       |       |       |       |       |       |       ||    13
       Ring mail         |    26 |       |       |       |       |       |       |       ||    26
       Scale mail        |       |    52 |       |       |       |       |       |       ||    52
       Chain mail        |       |    98 |   164 |       |       |       |       |       ||   262
       Plate armour      |       |       |    25 |   575 |   973 |  1071 |   405 |       ||  3049
       Skin              |       |       |       |    10 |       |       |       |       ||    10
       Iron troll leathe |       |       |       |       |       |       |   227 |   204 ||   431
Dodge: Dodged            |    63 |   120 |    96 |   176 |   382 |   394 |   305 |   160 ||  1696
Block: Buckler           |       |       |       |   185 |   341 |   707 |   289 |       ||  1522
       Reflection        |       |       |       |       |       |    40 |    70 |     5 ||   115
       Medium shield     |       |       |       |       |       |       |   526 |   375 ||   901
